 Dungeon Crawl Stone Soup version 0.30-a0-802-gb92711bcdf (webtiles) character file.

Game seed: 14139293127515546176

45831 Darius099 the Severer (level 14, -7/129 HPs)
             Began as a Minotaur Fighter on Feb 24, 2023.
             Was the Champion of Okawaru.
             Mangled by a skyshark (12 damage)
             ... on level 5 of the Lair of Beasts on Feb 25, 2023.
             The game lasted 00:38:15 (18001 turns).

Darius099 the Severer (Minotaur Fighter)           Turns: 18001, Time: 00:38:16

Health: -7/129     AC: 24    Str: 25    XL:     14   Next: 2%
Magic:  16/16      EV:  5    Int:  5    God:    Okawaru [******]
Gold:   1231       SH:  7    Dex: 11    Spells: 13/13 levels left

rFire   . . .      SeeInvis .    a - +3 broad axe (elec)
rCold   . . .      Faith    .    c - +0 buckler
rNeg    . . .      Spirit   .    P - +0 crystal plate armour
rPois   .          Reflect  .    W - +0 hat
rElec   .          Harm     .    S - +2 cloak {Stlth+}
rCorr   .          Rampage  .    n - +1 pair of gloves
Will    +....                    (no boots) Stlth
                                 (no amulet)
HPRegen 0.41/turn                s - +4 ring of slaying
MPRegen 0.15/turn                Z - +4 ring of slaying

@: frozen, corroded, very slow
A: horns 2, retaliatory headbutt
a: Renounce Religion, Heroism, Finesse, Duel


You were on level 5 of the Lair of Beasts.
You worshipped Okawaru.
Okawaru was exalted by your worship.
You visited 3 branches of the dungeon, and saw 17 of its levels.
You also visited: Gauntlet.

You collected 1231 gold pieces.

Inventory:

Hand Weapons
 a - a +3 broad axe of electrocution (weapon)
 T - the +7 mace of the Pit {spect, SInv}
   (You found it in a Gauntlet)

   SInv:      It lets you see invisible.
Missiles
 b - 102 stones (quivered)
 g - 8 javelins
 m - 6 boomerangs
 x - a throwing net
 C - 12 poisoned darts
 J - 2 silver javelins
 U - 6 atropa-tipped darts
Armour
 c - a +0 buckler (worn)
 n - a +1 pair of gloves (worn)
 P - a +0 crystal plate armour (worn)
 S - a +2 cloak of stealth (worn)
 W - a +0 hat (worn)
Jewellery
 i - a ring of positive energy
 s - a +4 ring of slaying (left hand)
 G - a ring of willpower
 K - a +5 ring of evasion
 Q - a ring of protection from cold
 Y - a ring of protection from fire
 Z - a +4 ring of slaying (right hand)
Wands
 A - a wand of flame (41)
 D - a wand of light (4)
 L - a wand of mindburst (9)
 M - a wand of paralysis (5)
Scrolls
 j - 2 scrolls of magic mapping {unknown}
 k - a scroll of identify
 l - a scroll of enchant armour
 o - 6 scrolls of teleportation
 p - 4 scrolls of enchant weapon
 q - 2 scrolls of blinking {unknown}
 w - 3 scrolls of poison {unknown}
 y - 4 scrolls of amnesia
 B - 2 scrolls of butterflies {unknown}
 H - 2 scrolls of noise {unknown}
 I - a scroll of torment {unknown}
 N - 3 scrolls of fog {unknown}
 O - a scroll of vulnerability {unknown}
 X - a scroll of acquirement {unknown}
Potions
 d - 5 potions of might
 e - 3 potions of lignification
 f - 6 potions of curing
 h - 2 potions of berserk rage
 r - 3 potions of flight
 t - 2 potions of haste
 u - 4 potions of resistance
 v - 6 potions of heal wounds
 z - 3 potions of cancellation
 E - 4 potions of mutation
 F - a potion of invisibility {unknown}
 R - a potion of magic
Miscellaneous
 V - a condenser vane


   Skills:
 + Level 13.4 Fighting
 - Level 17.0 Axes
 - Level 5.1 Throwing
 + Level 13.4 Armour
 + Level 13.4 Shields
 - Level 5.1 Invocations


You had 13 spell levels left.
You didn't know any spells.
Your spell library contained the following spells:

 Spells                   Type           Power      Damage    Failure   Level
 Cigotuvi's Dreadful Rot  Necr/Pois/Air  0%         N/A       100%        2
 Poisonous Vapours        Pois/Air       0%         N/A       100%        2
 Inner Flame              Hex/Fire       0%         N/A       100%        3
 Mephitic Cloud           Conj/Pois/Air  0%         N/A       100%        3
 Portal Projectile        Hex/Tloc       0%         N/A       100%        3
 Flame Wave               Conj/Fire      0%         2d4       100%        4
 Leda's Liquefaction      Hex/Erth       0%         N/A       100%        4
 Sticky Flame             Conj/Fire      0%         2d3       100%        4
 Lee's Rapid Deconstruct  Erth           0%         3d4*      100%        5
 Statue Form              Tmut/Erth      0%         N/A       100%        6
 Call Canine Familiar     Summ           Unusable   N/A       N/A         3

Dungeon Overview and Level Annotations

Branches:
Dungeon (11/15)            Temple (1/1) D:5            Lair (5/5) D:9
 Shoals (0/4) Lair:2       Spider (0/4) Lair:2        Slime (0/5) Lair:4
    Orc (0/2) D:11        Gauntlet (visited)

Altars:
Ashenzari
Cheibriados
Dithmenos
Elyvilon
Fedhas
Gozag
Hepliaklqana
Kikubaaqudgha
Makhleb
Nemelex Xobeh
Okawaru
Qazlal
Ru
Sif Muna
Trog
Uskayaw
Vehumet
Wu Jian
Xom
Yredelemnul
Zin
The Shining One
Jiyva

Annotations:
D:3 1 transporter, dolemite99's ghost, amateur DjCj


Innate Abilities, Weirdness & Mutations

You have a pair of horns on your head.
You reflexively headbutt those who attack you in melee.


Message History

The goliath frog is heavily wounded.
You hit the skyshark. The goliath frog closely misses you.
The skyshark bites you!!
The skyshark enters a blood-rage!
You block the skyshark's attack. The skyshark barely misses you.
You slash the goliath frog!
Lightning courses through the goliath frog!
You kill the goliath frog!
Okawaru accepts your kill.
You hit the skyshark. Lightning courses through the skyshark!
The skyshark bites you. The skyshark tail-slaps you.
The skyshark tail-slaps you but does no damage.
You closely miss the skyshark. Your headbutt misses the skyshark.
The skyshark is moderately wounded.
The skyshark bites you. The skyshark tail-slaps you!
The skyshark tail-slaps you but does no damage.
You hit the skyshark. You headbutt the skyshark!
The skyshark is heavily wounded.
The skyshark bites you but does no damage.
The skyshark tail-slaps you but does no damage. x2
A rime drake comes into view.
The rime drake hisses angrily.
You slash the skyshark!
You headbutt the skyshark, but do no damage.
The skyshark is severely wounded.
You block the skyshark's attack.
The skyshark tail-slaps you but does no damage.
The skyshark tail-slaps you! The rime drake breathes ice at you.
The icy flash freeze hits you.
You are encased in ice.
The skyshark bites you!!
* * * LOW HITPOINT WARNING * * *
The skyshark tail-slaps you but does no damage. x2
You hit the skyshark but do no damage.
The skyshark is severely wounded.
The skyshark bites you!
* * * LOW HITPOINT WARNING * * *
The skyshark tail-slaps you but does no damage.
The skyshark tail-slaps you!
You die...

#....# #.....
####.#.###...........##.
#.......#.#.###.......k.
#..........#............
#....#..................
#...####..#.............
##.## #.#.............
##..#####.......l†.#
......##........@.#
.....##...........#
#...#####......#..#
##.## #........### #..#
##......## ##.###
##....#..# #....#
#..<....#... ##...#
#.........)..~ ##..P#
#............~


You could see a skyshark (berserk) and a rime drake (catching breath).

Vanquished Creatures
  Gastronok (Lair:2)
  A minotaur (Gauntlet)
  Josephine (Lair:3)
  4 hydras
  3 catoblepae
  5 two-headed ogres
  A skyshark (Lair:5)
  Amaemon (Lair:2)
  A fire crab (Gauntlet)
  2 goliath frogs (Lair:5)
  Pikel (D:4)
  An orange crystal statue (Gauntlet)
  A lindwurm (Lair:4)
  4 elephants (Lair:4)
  5 black mambas
  An orange demon (Lair:2)
  Maggie (D:7)
  19 cane toads
  9 komodo dragons
  2 rime drakes
  5 trolls
  2 polar bears (Lair:4)
  A tyrant leech (Lair:5)
  A raiju (Gauntlet)
  5 dream sheep (Lair:4)
  26 blink frogs
  Sigmund (D:4)
  3 basilisks
  4 fire bats (Gauntlet)
  30 yaks
  A wyvern (D:11)
  3 wraiths (Lair:3)
  2 steam dragons
  7 vampire mosquitoes
  2 redbacks (Lair:2)
  15 water moccasins
  An ice beast (D:7)
  A black bear (Lair:3)
  An orc warrior (D:9)
  2 sky beasts
  An ogre (D:5)
  6 wolves (Lair:4)
  4 centaurs
  4 lemures
  A phantom (D:6)
  16 bullfrogs
  4 scorpions
  9 wights
  3 killer bees (D:8)
  An electric eel (D:7)
  2 jellies
  2 hounds (D:7)
  3 orc priests
  2 hell rats (Lair:3)
  2 iguanas (D:5)
  9 orc wizards
  10 river rats (Lair:3)
  9 adders
  A white imp (D:7)
  An ufetubus (D:3)
  24 orcs
  2 endoplasms (D:4)
  5 giant cockroaches
  3 goblins
  4 hobgoblins
  5 jackals
  6 kobolds
  3 quokkas
  6 ball pythons
  5 bats
  A frilled lizard (D:2)
  4 rats
335 creatures vanquished.

Vanquished Creatures (others)
  37 fungi
  109 plants
146 creatures vanquished.

Grand Total: 481 creatures vanquished

Notes
Turn   | Place    | Note
-------+----------+-------------------------------------------
     0 | D:1      | Darius099 the Minotaur Fighter began the quest for the Orb.
     0 | D:1      | Reached XP level 1. HP: 19/19 MP: 0/0
    46 | D:1      | Reached skill level 3 in Axes
    61 | D:1      | Reached XP level 2. HP: 26/26 MP: 1/1
   124 | D:1      | Found a faded altar of an unknown god.
   291 | D:1      | Reached skill level 4 in Axes
   860 | D:2      | Reached XP level 3. HP: 31/31 MP: 2/2
   987 | D:2      | Reached skill level 5 in Axes
  1367 | D:3      | Noticed an ogre
  1367 | D:3      | Noticed dolemite99's ghost (amateur DjCj)
  1370 | D:3      | Noticed an ogre
  1372 | D:3      | Found a transporter.
  1514 | D:3      | Reached XP level 4. HP: 31/39 MP: 3/3
  1544 | D:3      | Reached skill level 6 in Axes
  2147 | D:4      | Reached XP level 5. HP: 43/45 MP: 4/4
  2220 | D:4      | Reached skill level 7 in Axes
  2245 | D:4      | Noticed a lemure
  2245 | D:4      | Noticed a lemure
  2245 | D:4      | Noticed a lemure
  2274 | D:4      | Killed a lemure
  2391 | D:4      | Killed a lemure
  2393 | D:4      | Noticed Sigmund
  2486 | D:4      | Noticed a lemure
  2486 | D:4      | Noticed Pikel
  2515 | D:3      | Killed a lemure
  2528 | D:3      | Killed a lemure
  2664 | D:4      | Killed Pikel
  2665 | D:4      | Reached skill level 9 in Axes
  2665 | D:4      | Reached XP level 6. HP: 27/51 MP: 5/5
  2665 | D:4      | Reached XP level 7. HP: 30/57 MP: 6/6
  2827 | D:4      | Reached skill level 10 in Axes
  2856 | D:4      | Killed Sigmund
  3088 | D:5      | Entered Level 5 of the Dungeon
  3371 | D:5      | Reached skill level 11 in Axes
  3374 | D:5      | Reached XP level 8. HP: 41/64 MP: 7/7
  3536 | D:5      | Found a staircase to the Ecumenical Temple.
  3546 | Temple   | Entered the Ecumenical Temple
  3554 | Temple   | Became a worshipper of Warmaster Okawaru
  4449 | D:6      | Reached skill level 12 in Axes
  4871 | D:6      | Found a shimmering blue altar of Sif Muna.
  5829 | D:7      | Reached skill level 13 in Axes
  5850 | D:7      | Reached * piety under Okawaru
  6044 | D:7      | Reached skill level 14 in Axes
  6044 | D:7      | Reached XP level 9. HP: 67/70 MP: 8/8
  6552 | D:7      | Reached ** piety under Okawaru
  6558 | D:7      | Reached skill level 15 in Axes
  6629 | D:8      | Found a glowing silver altar of Zin.
  6776 | D:8      | Noticed Maggie
  6810 | D:7      | Killed Maggie
  6961 | D:8      | Found a stormy altar of Qazlal.
  6961 | D:8      | Found a white marble altar of Elyvilon.
  6962 | D:8      | Found a sacrificial altar of Ru.
  7271 | D:8      | Reached skill level 16 in Axes
  7502 | D:9      | Noticed a troll
  7592 | D:8      | Killed a troll
  7593 | D:8      | Reached *** piety under Okawaru
  7846 | D:9      | Noticed a two-headed ogre
  7853 | D:9      | Killed a two-headed ogre
  7854 | D:9      | Reached skill level 17 in Axes
  7854 | D:9      | Reached XP level 10. HP: 43/77 MP: 9/9
  7961 | D:9      | Found a staircase to the Lair.
  8076 | D:9      | Received a gift from Okawaru
  8392 | D:10     | Entered Level 10 of the Dungeon
  8408 | D:10     | Reached skill level 1 in Throwing
  8408 | D:10     | Reached skill level 1 in Invocations
  8511 | D:10     | Noticed a two-headed ogre
  8524 | D:10     | Killed a two-headed ogre
  9064 | D:10     | Reached **** piety under Okawaru
  9081 | D:10     | Reached skill level 5 in Throwing
  9081 | D:10     | Reached skill level 5 in Invocations
  9624 | D:10     | Identified the +4 quarterstaff of No Interval {heavy, rPois
                  | rC++}
  9700 | D:11     | Noticed a two-headed ogre
  9717 | D:11     | Killed a two-headed ogre
 10029 | D:11     | Noticed a two-headed ogre
 10039 | D:11     | Killed a two-headed ogre
 10040 | D:11     | Reached XP level 11. HP: 11/85 MP: 13/13
 10387 | D:11     | Noticed a two-headed ogre
 10393 | D:11     | Killed a two-headed ogre
 10394 | D:11     | Reached skill level 5 in Fighting
 10394 | D:11     | Reached skill level 5 in Armour
 10394 | D:11     | Reached skill level 5 in Shields
 10639 | D:11     | Found a staircase to the Orcish Mines.
 10926 | Lair:1   | Entered Level 1 of the Lair of Beasts
 11329 | Lair:1   | HP: 4/91 [cane toad (14)]
 11546 | Lair:1   | Received a gift from Okawaru
 11930 | Lair:1   | Reached ***** piety under Okawaru
 12333 | Lair:2   | Noticed a catoblepas
 12359 | Lair:1   | Killed a catoblepas
 12386 | Lair:2   | Found a gate leading to a gauntlet.
 12558 | Gauntlet | Entered a Gauntlet
 12558 | Gauntlet | Noticed a fire crab
 12558 | Gauntlet | Found a runed translucent door.
 12558 | Gauntlet | Found a transporter.
 12558 | Gauntlet | Found a runed translucent door.
 12565 | Gauntlet | Found a transporter.
 12567 | Gauntlet | Found a transporter.
 12582 | Gauntlet | Found a transporter.
 12584 | Gauntlet | Found a transporter.
 12596 | Gauntlet | Found a transporter.
 12612 | Gauntlet | Found a transporter.
 12615 | Gauntlet | Noticed a reaper
 12622 | Gauntlet | Found a transporter.
 12627 | Gauntlet | Found a transporter.
 12627 | Gauntlet | Found a transporter.
 12639 | Gauntlet | Found a transporter.
 12656 | Gauntlet | Noticed an orange crystal statue
 12660 | Gauntlet | Found a runed translucent door.
 12664 | Gauntlet | Found a transporter.
 12677 | Gauntlet | Found a transporter.
 12679 | Gauntlet | Found a transporter.
 12760 | Gauntlet | Killed a fire crab
 12760 | Gauntlet | Received a gift from Okawaru
 12767 | Gauntlet | Reached XP level 12. HP: 67/103 MP: 14/14
 13114 | Gauntlet | Noticed a minotaur
 13122 | Gauntlet | Killed a minotaur
 13206 | Gauntlet | Identified the +7 mace of the Pit {spect, SInv}
 13391 | Lair:2   | Noticed Gastronok
 13420 | Lair:2   | Killed Gastronok
 13479 | Lair:2   | Identified the +6 short sword of Unwi {chaos, *Corrode rN++
                  | Str+3}
 13553 | Lair:2   | Found a staircase to the Shoals.
 13589 | Lair:2   | Noticed Amaemon
 13616 | Lair:2   | Killed Amaemon
 13826 | Lair:2   | Found a hole to the Spider Nest.
 14231 | Lair:2   | Reached skill level 10 in Armour
 14239 | Lair:2   | Reached skill level 10 in Fighting
 14239 | Lair:2   | Reached skill level 10 in Shields
 14350 | Lair:3   | Noticed Josephine
 14364 | Lair:3   | Killed Josephine
 14643 | Lair:3   | Noticed a catoblepas
 14673 | Lair:3   | Killed a catoblepas
 15314 | Lair:3   | Noticed a six-headed hydra
 15320 | Lair:3   | Killed a six-headed hydra
 15322 | Lair:3   | Noticed a five-headed hydra
 15330 | Lair:3   | Killed a five-headed hydra
 15330 | Lair:3   | Received a gift from Okawaru
 15331 | Lair:3   | Reached XP level 13. HP: 98/116 MP: 15/15
 16315 | Lair:4   | Found a staircase to the Slime Pits.
 16315 | Lair:4   | Found a viscous altar of Jiyva.
 16850 | Lair:5   | Entered Level 5 of the Lair of Beasts
 16856 | Lair:4   | Received a gift from Okawaru
 17076 | Lair:5   | Received a gift from Okawaru
 17323 | Lair:5   | Reached ****** piety under Okawaru
 17736 | Lair:5   | Received a gift from Okawaru
 17989 | Lair:5   | Reached XP level 14. HP: 129/129 MP: 16/16
 18001 | Lair:5   | HP: 5/129 [skyshark (17)]
 18001 | Lair:5   | Mangled by a skyshark

Illustrated notes

Levels and vault maps discovered:
D:1:      lightli_arrival_farm, layout_basic,
          hellmonk_ecumenical_altar_heavens_door, minmay_crystal_room
D:2:      layout_basic
D:3:      layout_loops_ring, gammafunk_ghost_smash, serial_forest,
          infiniplex_forest_clump_curved, infiniplex_forest_lined_room_3,
          infiniplex_forest_clump_large, infiniplex_forest_straight_2,
          infiniplex_forest_lined_room_, infiniplex_forest_lined_room_2
D:4:      layout_cave_pools, uniq_sigmund, uniq_pikel
D:5:      layout_layer_cave, minmay_temple_entry_tees, serial_bayou_pond_a
D:6:      layout_layer_cave, mainiacjoe_overflow_brackets
D:7:      layout_basic, serial_bayou_lagoon_a, minivault_23
D:8:      layout_loops_ring, grunt_temple_overflow_open, uniq_maggie
D:9:      layout_cross
D:10:     layout_basic
D:11:     nicolae_cairo_tiling_large, layout_small_grid, orc_0_dummy
Temple:   sentei_temple_godly_chess
Lair:1:   layout_gridlike, grunt_megastairs_1
Lair:2:   layout_gridlike, elwin_shoals_entry_rocks, spider_nest_entry_a,
          gauntlet_entry_generic, uniq_gastronok, uniq_amaemon
Lair:3:   layout_gridlike, kennysheep_rathole, uniq_josephine
Lair:4:   layout_cave_shapes, slime_entry_1, serial_bayou_pond_c
Lair:5:   minmay_lair_end_frog_pond, layout_loops_ring,
          grunt_forest_small_clearings

Skill      XL: |  1  2  3  4  5  6  7  8  9 10 11 12 13 |
---------------+----------------------------------------+-----
Axes           | 3 4 5 6 9 11 14 17 | 17.0
Throwing       | 5 |  5.1
Invocations    | 5 |  5.1
Fighting       | 4 8 11 13 | 13.4
Armour         | 4 8 11 13 | 13.4
Shields        | 4 8 11 13 | 13.4

Action                     |  1- 3 |  4- 6 |  7- 9 | 10-12 | 13-15 || total
---------------------------+-------+-------+-------+-------+-------++-------
  Melee: War axe           |    72 |   110 |   222 |   513 |       ||   917
         Headbutt          |     6 |     7 |    42 |   123 |    38 ||   216
         Mace              |       |       |       |     9 |    11 ||    20
         Broad axe         |       |       |       |       |   188 ||   188
 Invoke: Heroism           |       |       |       |     5 |       ||     5
         Finesse           |       |       |       |     5 |       ||     5
    Use: Scroll            |       |       |    11 |     3 |     3 ||    17
         Potion            |       |       |     1 |     4 |       ||     5
 Armour: Scale mail        |     8 |       |       |       |       ||     8
         Chain mail        |    35 |   103 |   122 |    26 |       ||   286
         Crystal plate arm |       |       |       |   235 |   166 ||   401
  Dodge: Dodged            |    30 |    49 |    78 |   125 |    38 ||   320
  Block: Buckler           |    17 |    28 |    53 |   112 |    76 ||   286

Table legend: (Time is in decaauts)
 A = Elapsed time spent in this place.
 B = Non-inter-level travel time spent in this place.
 C = Inter-level travel time spent in this place.
 D = Time resting spent in this place.
 E = Time spent auto-exploring this place.
 F = Levels seen in this place.
 G = Mean time per level.
                   A        B        C        D        E       F      G
               +--------+--------+--------+--------+--------+-----+--------+
         Total |  17890 |  17477 |    413 |   4256 |   9562 |  18 |  993.9 |
       Dungeon |  10944 |  10650 |    294 |   2244 |   6610 |  11 |  994.9 |
        Temple |     12 |     12 |      0 |      0 |      0 |   1 |   12.0 |
          Lair |   6235 |   6116 |    119 |   1810 |   2761 |   5 | 1247.0 |
      Gauntlet |    698 |    698 |      0 |    202 |    191 |   1 |  698.0 |
               +--------+--------+--------+--------+--------+-----+--------+

Top non-repeatable levels by time:
  Lair:4: 1605 daAuts
     D:6: 1345 daAuts
  Lair:1: 1344 daAuts
     D:5: 1340 daAuts
  Lair:3: 1326 daAuts
    D:10: 1275 daAuts
  Lair:2: 1234 daAuts
    D:11: 1212 daAuts
     D:3: 1031 daAuts
     D:8: 989 daAuts
     D:7: 946 daAuts
     D:1: 865 daAuts
     D:4: 841 daAuts
  Lair:5: 723 daAuts
Gauntlet: 698 daAuts
